 Dungeon Crawl Stone Soup version 0.28.0-43-g3370ac3207 (webtiles) character file.

Game seed: 10154727636309554897

6 Arcadio the Shooter (level 2, -3/18 HPs)
             Began as a Kobold Hunter on Mar 3, 2022.
             Slain by a gnoll
             ... wielding a +0 whip
              (5 damage)
             ... on level 2 of the Dungeon.
             The game lasted 00:01:30 (868 turns).

Arcadio the Shooter (Kobold Hunter)                  Turns: 868, Time: 00:01:30

Health: -3/18      AC:  4    Str:  9    XL:     2   Next: 0%
Magic:  2/2        EV: 14    Int: 12    God:
Gold:   87         SH:  0    Dex: 15    Spells: 1/1 levels left

rFire   . . .      SeeInvis .   b - +0 short sword
rCold   . . .      Faith    .   (no shield)
rNeg    . . .      Spirit   .   c - +0 leather armour
rPois   .          Reflect  .   (no helmet)
rElec   .          Harm     .   (no cloak)
rCorr   .          Rampage  .   h - +0 pair of gloves
Will    .....                   (no boots)
Stlth   +++.......              (no amulet)
HPRegen 0.06/turn               (no ring)
MPRegen 0.08/turn               (no ring)

@: no status effects
A: small, no large weapons, nightstalker 3
a: no special abilities


You were on level 2 of the Dungeon.
You visited 1 branch of the dungeon, and saw 2 of its levels.

You collected 87 gold pieces.

Inventory:

Hand Weapons
 a - a +1 shortbow
 b - a +0 short sword (weapon)
Missiles
 d - 32 arrows
Armour
 c - a +0 leather armour (worn)
 h - a +0 pair of gloves (worn)
Jewellery
 e - a ring of protection from cold
Scrolls
 f - 3 scrolls of teleportation {unknown}
 g - a scroll of acquirement {unknown}
 i - a scroll of noise {unknown}


   Skills:
 + Level 2.4 Fighting
 + Level 4.1 Bows
 - Level 2.4 Dodging
 + Level 2.0 Stealth


You had one spell level left.
You didn't know any spells.
Your spell library was empty.

Dungeon Overview and Level Annotations

Branches:
Dungeon (2/15)

Altars:


Innate Abilities, Weirdness & Mutations

You are small and have problems with some larger weapons.
You are completely attuned to the shadows.


Message History

A hobgoblin comes into view.
You hear a shout! x3; You hear an angry hiss.
b - a +0 short sword (weapon)
You hit the ball python.
The ball python is severely wounded.
The ball python bites you but does no damage.
The ball python barely misses you.
You closely miss the ball python.
The ball python is severely wounded.
The ball python barely misses you. The ball python grabs you.
The ball python constricts you.
A gnoll comes into view. It is wielding a +0 whip.
You barely miss the ball python.
The ball python is severely wounded.
The ball python closely misses you. The ball python constricts you.
The ball python bites you. The ball python constricts you.
You closely miss the ball python.
The ball python is severely wounded.
The ball python misses you. The ball python constricts you.
You escape the ball python's grasp.
You hit the ball python.
You kill the ball python!
Your Stealth skill increases to level 2!
You have reached level 2!
The gnoll barely misses you.
You hit the gnoll but do no damage. The gnoll hits you with a +0 whip.
The gnoll hits you but does no damage.
You barely miss the gnoll. The gnoll hits you with a +0 whip!
* * * LOW HITPOINT WARNING * * *
You hit the gnoll.
The gnoll is moderately wounded.
The gnoll barely misses you.
You hit the gnoll.
The gnoll is heavily wounded.
The gnoll hits you with a +0 whip.
* * * LOW HITPOINT WARNING * * *
You hit the gnoll but do no damage.
The gnoll is heavily wounded.
The gnoll hits you with a +0 whip.
You die...

#...#
#.............#
##.##
#########...#.#
#># ##.##.# #.#
#.##.## #.#
#.##..#.#
#.##### ##.#.#
#...... #.#.#
#..#####
########.#.#
##..# #.
....@gg....#
..<.#
#..#########.###
...##
.........g...#
...#
....##########
#..# .... #..#
..w. ..(#


You could see a gnoll and a hobgoblin.

Vanquished Creatures
  An endoplasm (D:1)
  A giant cockroach (D:1)
  A quokka (D:1)
  A ball python (D:2)
  A bat (D:1)
  A frilled lizard (D:1)
6 creatures vanquished.

Notes
Turn   | Place    | Note
-------+----------+-------------------------------------------
     0 | D:1      | Arcadio the Kobold Hunter began the quest for the Orb.
     0 | D:1      | Reached XP level 1. HP: 12/12 MP: 1/1
   518 | D:1      | Found a faded altar of an unknown god.
   852 | D:2      | Reached XP level 2. HP: 14/18 MP: 2/2
   868 | D:2      | Slain by a gnoll

Illustrated notes

Levels and vault maps discovered:
D:1:      mrwooster_arrival_arrow, layout_loops_cross,
          ebering_ecumenical_altar_abandoned
D:2:      layout_loops_ring

Skill      XL: |  1 |
---------------+----+-----
Stealth        | 2 |  2.0
Fighting       | |  2.4
Bows           | |  4.1
Dodging        | |  2.4

Action                   || total
-------------------------++-------
Melee: Short sword       ||    31
 Fire: Shortbow          ||     1
 Stab: Sleeping          ||     2
Armor: Leather armour    ||    12
Dodge: Dodged            ||    21
